 Dungeon Crawl Stone Soup version 0.28-a0-687-gb91baff9cc (webtiles) character file.

Game seed: 11974995240044569209

63 voltaire321 the Chiller (level 3, -2/25 HPs)
             Began as a Demonspawn Ice Elementalist on Oct 20, 2021.
             Slain by Sigmund (13 damage)
             ... on level 2 of the Dungeon.
             The game lasted 00:05:52 (1742 turns).

voltaire321 the Chiller (DsIE)                      Turns: 1742, Time: 00:05:53

Health: -2/25      AC:  3    Str:  8    XL:     3   Next: 87%
Magic:  6/6        EV: 12    Int: 17    God:
Gold:   71         SH:  0    Dex: 13    Spells: 4/6 levels left

rFire   . . .      SeeInvis .   c - +0 short sword
rCold   . . .      Faith    .   (no shield)
rNeg    . . .      Spirit   .   a - +0 robe
rPois   .          Reflect  .   (no helmet)
rElec   .          Harm     .   (no cloak)
rCorr   .          Rampage  .   f - +0 pair of gloves
Will    .....                   (no boots)
Stlth   +.........              (no amulet)
HPRegen 0.08/turn               (no ring)
MPRegen 0.10/turn               (no ring)

@: confused
A: weakness stinger 2
a: no special abilities


You were on level 2 of the Dungeon.
You visited 1 branch of the dungeon, and saw 2 of its levels.

You collected 71 gold pieces.

Inventory:

Hand Weapons
 c - a +0 short sword (weapon)
Missiles
 b - 23 stones
 j - a throwing net
Armour
 a - a +0 robe (worn)
 f - a +0 pair of gloves (worn)
Scrolls
 e - a scroll of fear {unknown}
 g - a scroll of immolation {unknown}
 h - 3 scrolls of identify {unknown}
 i - 2 scrolls of teleportation {unknown}
 l - a scroll of acquirement {unknown}
 m - a scroll of vulnerability {unknown}
Potions
 k - a potion of haste {unknown}
 n - a potion of lignification {unknown}
 o - a potion of might {unknown}


   Skills:
 + Level 0.8 Fighting
 + Level 2.1 Dodging
 - Level 1.8 Stealth
 + Level 2.4 Spellcasting
 + Level 4.3 Ice Magic
 + Level 0.6 Earth Magic


You had 4 spell levels left.
You knew the following spells:

 Your Spells              Type           Power      Damage    Failure   Level
a - Freeze                Ice            64%        1d8       3%          1
b - Sandblast             Erth           8%         2d5       14%         1

Your spell library contained the following spells:

 Spells                   Type           Power      Damage    Failure   Level
 Frozen Ramparts          Ice            32%        1d5       10%         3
 Ozocubu's Armour         Ice            16%        N/A       10%         3
 Ensorcelled Hibernation  Hex/Ice        18%        N/A       12%         2
 Passwall                 Tmut/Erth      2%         N/A       24%         2
 Blink                    Tloc           N/A        N/A       28%         2
 Stone Arrow              Conj/Erth      6%         3d7       43%         3
 Spider Form              Tmut/Pois      1%         N/A       50%         3
 Hailstorm                Conj/Ice       9%         3d4       58%         4
 Manifold Assault         Tloc           2%         N/A       99%         5
 Storm Form               Tmut/Air       1%         N/A       100%        7


Dungeon Overview and Level Annotations

Branches:
Dungeon (2/15)

Altars:

Annotations:
D:2 Sigmund


Innate Abilities, Weirdness & Mutations

You have a tail ending in a sharp stinger.


Message History

It was a potion of ambrosia.
You are more confused.
You feel invigorated.
You closely miss Sigmund.
Sigmund is lightly wounded.
Sigmund points at you and mumbles some strange words.
You are more confused.
You're too confused to cast spells.
Sorry, you're not good enough to have a special ability.
You hit Sigmund but do no damage.
Sigmund is lightly wounded.
Sigmund hits you with a +0 scythe. Sigmund gestures at you while chanting.
You are more confused.
The endoplasm jiggles.
Sigmund casts a spell.
Sigmund flickers and vanishes!
Deactivating autopickup; reactivate with Ctrl-A.
The endoplasm barely misses you.
An adder comes into view.
You feel less invigorated.
You're too confused to cast spells.
Sorry, you're not good enough to have a special ability.
Unknown command.
You hit the endoplasm.
The endoplasm is almost dead.
The adder hisses angrily.
A giant cockroach comes into view.
The endoplasm hits you.
You hit the endoplasm.
You kill the endoplasm!
Something hits you!
You bump into the rock wall.
You hear some strange, mumbled words.
You are more confused.
Something hits you. Something hits you but does no damage. Something hits you!
Ouch! That really hurt!
You die...

##.#..#.##......#
#..#....##......#
#.##.....#......#
#.#..#..........#
.......###.†....##
.†...#.# #.......######...
..#....# #..........B.....
.......###......S####.....
#........#......@# ...
#.....##.........# .
.........#...).....
...###>.......##:### ..#
.####....#.# .. ##
#....... . #...#.... #.
#..


You could see an adder.

Vanquished Creatures
  2 adders (D:2)
  A worm (D:2)
  A dart slug (D:1)
  A ball python (D:1)
  8 bats (D:2)
  7 endoplasms
  A goblin (D:2)
  2 hobgoblins
  3 jackals (D:1)
  2 kobolds (D:1)
  4 quokkas
  3 frilled lizards
  2 rats (D:1)
37 creatures vanquished.

Notes
Turn   | Place    | Note
-------+----------+-------------------------------------------
     0 | D:1      | voltaire321 the Demonspawn Ice Elementalist began the quest
                  | for the Orb.
     0 | D:1      | Reached XP level 1. HP: 13/13 MP: 3/3
   380 | D:1      | Gained mutation: You have a small tail. [demonic ancestry]
   380 | D:1      | Reached XP level 2. HP: 19/19 MP: 3/5
   415 | D:1      | Found a faded altar of an unknown god.
   431 | D:1      | Reached skill level 4 in Ice Magic
   789 | D:1      | Learned a level 1 spell: Sandblast
  1097 | D:2      | Gained mutation: You have a tail ending in a sharp stinger.
                  | [demonic ancestry]
  1097 | D:2      | Reached XP level 3. HP: 24/24 MP: 4/6
  1722 | D:2      | Noticed Sigmund
  1742 | D:2      | Slain by Sigmund

Illustrated notes

Levels and vault maps discovered:
D:1:      giann_forest_graveyard, layout_basic, ebering_ecumenical_altar_rust,
          minmay_tromino_v2
D:2:      minmay_evil_eye, layout_rooms, basic_altar, grunt_ministairs_9,
          amcnicky_mini_corridor_feature, uniq_sigmund

Skill      XL: |  1  2  3 |
---------------+----------+-----
Ice Magic      | 4 |  4.3
Dodging        | 2 |  2.1
Fighting       | |  0.8
Stealth        | |  1.8
Spellcasting   | |  2.4
Earth Magic    | |  0.6

Action                   || total
-------------------------++-------
Melee: Unarmed           ||     7
       Short sword       ||    28
 Cast: Freeze            ||    49
       Sandblast         ||     3
  Use: Potion            ||     1
 Stab: Sleeping          ||     4
Armor: Robe              ||    21
Dodge: Dodged            ||    43

Table legend: (Time is in decaauts)
 A = Elapsed time spent in this place.
 B = Non-inter-level travel time spent in this place.
 C = Inter-level travel time spent in this place.
 D = Time resting spent in this place.
 E = Time spent auto-exploring this place.
 F = Levels seen in this place.
 G = Mean time per level.
                   A        B        C        D        E       F      G
               +--------+--------+--------+--------+--------+-----+--------+
         Total |   1744 |   1744 |      0 |    616 |    749 |   2 |  872.0 |
       Dungeon |   1744 |   1744 |      0 |    616 |    749 |   2 |  872.0 |
               +--------+--------+--------+--------+--------+-----+--------+

Top non-repeatable levels by time:
     D:1: 1093 daAuts
     D:2: 651 daAuts
